 Dungeon Crawl Stone Soup version 0.18.1-2-ga659475 (webtiles) character file.

17869 FitzyFitz the Covert (level 12, -4/109 HPs)
             Began as a Naga Enchanter on May 6, 2016.
             Was a High Priest of Kikubaaqudgha.
             Slain by a large abomination (24 damage)
             ... on level 4 of the Abyss on May 7, 2016.
             The game lasted 01:41:19 (18434 turns).

FitzyFitz the Covert (Naga Enchanter)              Turns: 18434, Time: 01:41:20

Health: -4/109     AC:  6    Str:  5 (7)  XL:     12   Next: 52%
Magic:  0/15       EV:  9    Int: 16 (20) God:    Kikubaaqudgha [*****.]
Gold:   561        SH:  0    Dex:  5 (12) Spells: 9 memorised, 1 level left

rFire  + . .     SeeInvis +     b - +1 dagger (pain)
rCold  + . .     Gourm    .     P - +0 troll leather armour
rNeg   . . .     Faith    .     (no shield)
rPois  +         Spirit   +     (no helmet)
rElec  +         Dismiss  .     (no cloak)
rCorr  +         Reflect  .     (no gloves)
SustAt .         Harm     .     (no barding)
MR     ++...                    c - amulet of guardian spirit
Stlth  ++++++....               B - ring of stealth
                                j - ring of protection from magic

@: about to teleport, resistant, flying, very slightly contaminated, hasted,
quick, very resistant to hostile enchantments, very stealthy
A: see invisible, deformed body, deterioration 2, low mp 2, poison resistance,
screaming 2, slowness 2, slow metabolism 1, spit poison 2, weak 2, AC +4
a: Spit Poison, Receive Corpses, Torment, Renounce Religion


You were on level 4 of the Abyss.
You worshipped Kikubaaqudgha.
Kikubaaqudgha was extremely pleased with you.
You were not hungry.

You visited 3 branches of the dungeon, and saw 14 of its levels.
You visited the Abyss 1 time.

You collected 561 gold pieces.

Inventory:

Hand Weapons
 a - a +2 rapier of draining
 b - a +1 dagger of pain (weapon)
 w - a +4 short sword of holy wrath
 H - a +0 dagger of venom
Missiles
 g - 259 stones (quivered)
Armour
 v - a +2 robe of cold resistance
 P - a +0 troll leather armour (worn)
Magical Staves
 I - an uncursed staff of air {unknown}
Rods
 q - a +1 rod of clouds (14/14)
   (You found it on level 1 of the Lair of Beasts)
Jewellery
 c - an amulet of guardian spirit (around neck)
 j - a ring of protection from magic (left hand)
 y - an uncursed ring of protection from cold {unknown}
 B - a ring of stealth (right hand)
 T - an uncursed ring of positive energy
Wands
 n - a wand of teleportation (1/9)
 o - a wand of slowing (17/48)
 x - a wand of lightning (2/15)
 D - a wand of polymorph (10/24)
 E - a wand of flame (8/48)
Scrolls
 h - a scroll of fog
 l - 4 scrolls of remove curse
 p - 2 scrolls of fear {unknown}
 t - a scroll of amnesia {unknown}
 G - a scroll of vulnerability {unknown}
 K - a scroll of enchant weapon {unknown}
 L - a scroll of noise {unknown}
 N - a scroll of recharging
 R - a scroll of brand weapon
Potions
 e - 3 potions of lignification
 s - 2 potions of curing
 u - a potion of brilliance
 A - 2 potions of cancellation
 F - a potion of invisibility
 Y - 2 potions of berserk rage
Books
 m - a book of Callings

   Spells                             Type                      Level
   a - Summon Small Mammal            Summoning                    1
   b - Call Imp                       Summoning                    2
   c - Call Canine Familiar           Summoning                    3
   d - Summon Guardian Golem          Hexes/Summoning              3
   e - Summon Lightning Spire         Summoning/Air                4
   f - Summon Ice Beast               Ice/Summoning                4
Miscellaneous
 V - a sack of spiders {used: 8}
Comestibles
 d - 9 bread rations
 i - 2 meat rations
 r - 10 fruits


   Skills:
 - Level 7.2 Fighting
 - Level 10.0 Short Blades
 - Level 4.3 Dodging
 + Level 11.5 Stealth
 - Level 5.0 Spellcasting
 - Level 2.5 Conjurations
 - Level 6.3 Hexes
 - Level 5.0 Charms
 - Level 6.7 Necromancy
 - Level 4.0 Translocations
 - Level 1.0 Ice Magic
 - Level 2.3 Air Magic
 - Level 5.9 Poison Magic
 - Level 1.5 Evocations


You had one spell level left.
You knew the following spells:

 Your Spells              Type           Power        Failure   Level  Hunger
a - Corona                Hex            ###....      1%          1    None
b - Ensorcelled Hibernat  Hex/Ice        ###...       12%         2    #......
c - Confuse               Hex            ###.....     8%          3    ###....
d - Tukima's Dance        Hex            ###.....     8%          3    ###....
e - Animate Skeleton      Necr           N/A          1%          1    None
f - Regeneration          Chrm/Necr      ###.......   10%         3    ###....
g - Sublimation of Blood  Necr           ####......   2%          2    #......
h - Blink                 Tloc           N/A          10%         2    #......
i - Mephitic Cloud        Conj/Pois/Air  ###.....     21%         3    ###....


Dungeon Overview and Level Annotations

Branches:
Dungeon (10/15)            Temple (1/1) D:5            Lair (3/8) D:10
    Orc (0/2) D:9
  Swamp: Lair:3-6    Shoals: Lair:3-6     Snake: Lair:3-6    Spider: Lair:3-6

Altars:
Ashenzari
Elyvilon
Kikubaaqudgha
Makhleb
Qazlal
Ru
Sif Muna
Xom
Yredelemnul
Zin

Shops:
D:4 (

Annotations:
Lair:3 Sonja


Innate Abilities, Weirdness & Mutations

You cannot wear boots.
Your serpentine skin is tough (AC +4).
You have supernaturally acute eyesight.
Armour fits poorly on your strangely shaped body.
Your system is resistant to poisons.
You cover ground very slowly.
You have a slow metabolism.
You can spit poison.
Your body often deteriorates upon taking damage.
[Your magical capacity is very low (-20% MP).]
[You sometimes yell uncontrollably at your foes.]
[You are very weak. (Str -4)]


Message History

Unknown command.
Evoke which item? (* to show all) (? for menu, Esc to quit)
Zapping:
n - a wand of teleportation (2/9)
Press: ? - help, Shift-Dir - straight line, f - you You feel strangely unstable.
You feel the power of the Abyss delaying your translocation!
This wand has 1 charge left.
The large abomination moves out of view.
Press: ? - help, v - describe, . - travel
Here: a water nymph (lightly wounded) Some shallow water.
Unknown command.
Drink which item? (? for menu, Esc to quit)
You feel better.
You see here 15 poisoned needles.
You see here 2 throwing nets.
You start resting.
The large abomination hits you!!
You die...
Kikubaaqudgha rasps: "You have failed me!
Welcome... death!"

#. ....##§..
.##....
.......#
#..... #.. .
# ## .. #§≈.
X##.##..## #
# . ## ..
.#.#..#
.......##
§#§..# . ##.#
#.
.#≈m≈###(.##
.≈ .#≈
#.###.#.X..#
...≈≈≈/[#
.#@#....# ≈
.≈#≈≈ .#
#####........
≈≈ ...#§ .##
#......## §R
..###..#
..####...
..#.. . #.#
#.. .# .. .#
#.. # . . . .
... . .. ...
#


You could see a large abomination.

Vanquished Creatures
  2 hill giants
  2 ugly things (D:6)
  Joseph (D:10)
  A black mamba (Lair:2)
  3 spiny frogs
  3 komodo dragons
  2 two-headed ogres (D:9)
  Grinder (D:6)
  A troll (D:9)
  3 blink frogs
  5 spriggans (Lair:2)
  A wraith (Abyss:1)
  2 hogs (D:8)
  Sigmund (D:3)
  8 yaks
  A human (D:8)
  A hungry ghost (D:7)
  4 basilisks (Lair:3)
  3 hippogriffs
  7 water moccasins
  2 hell hounds (Abyss:3)
  6 porcupines
  4 orc warriors
  6 sky beasts
  Duvessa (D:5)
  A wasp (D:9)
  2 phantoms
  6 ice beasts
  The ghost of Renzlar the Shield-Bearer, an amateur FoFi (D:3)
  4 ogres
  2 centaurs
  10 wolves
  6 crocodiles
  4 big kobolds
  7 giant frogs
  Dowan (D:5)
  5 scorpions
  4 killer bees (D:9)
  2 howler monkeys
  7 crimson imps
  A jelly (D:6)
  A quasit (D:7)
  A centaur zombie (D:8)
  3 giant frog skeletons
  4 orc priests
  4 hounds
  Ijyb (D:2)
  7 iguanas
  8 orc wizards
  Natasha (thrice) (D:2)
  5 worker ants
  A killer bee zombie (D:9)
  A sheep (D:8)
  A hound zombie (D:6)
  A worker ant zombie (D:8)
  16 adders
  29 river rats
  3 shadow imps
  2 oozes
  2 adder zombies
  2 adder skeletons
  A worm (D:3)
  4 dart slugs
  9 giant geckos
  58 orcs
  2 ball pythons
  12 bats
  6 giant cockroaches
  8 goblins
  7 hobgoblins
  11 jackals
  30 kobolds
  5 quokkas
  A giant gecko skeleton (D:7)
  4 giant newts
  A jackal skeleton (D:4)
  A quokka skeleton (D:5)
  A quokka zombie (D:5)
  29 rats
419 creatures vanquished.

Vanquished Creatures (collateral kills)
  3 blink frogs (Lair:1)
  2 spriggans (Lair:2)
  2 yaks
  A wolf (Lair:2)
  A river rat (Lair:3)
  A butterfly (Lair:3)
10 creatures vanquished.

Vanquished Creatures (others)
  A dancing weapon (D:5)
  A quokka (D:3)
  4 fungi
  6 plants
12 creatures vanquished.

Grand Total: 441 creatures vanquished

Notes
Turn   | Place    | Note
--------------------------------------------------------------
     0 | D:1      | FitzyFitz the Naga Enchanter began the quest for the Orb.
     0 | D:1      | Reached XP level 1. HP: 15/15 MP: 3/3
   225 | D:1      | Reached XP level 2. HP: 17/22 MP: 5/5
   341 | D:1      | Learned a level 2 spell: Ensorcelled Hibernation
   746 | D:1      | Reached XP level 3. HP: 28/28 MP: 6/6
  1311 | D:1      | Learned a level 3 spell: Confuse
  1324 | D:2      | Noticed Natasha
  1849 | D:2      | Found a basalt altar of Yredelemnul.
  1928 | D:2      | Killed Natasha
  1928 | D:2      | Reached skill level 5 in Stealth
  1928 | D:2      | Reached skill level 1 in Ice Magic
  1928 | D:2      | Reached XP level 4. HP: 15/36 MP: 7/7
  2120 | D:2      | Noticed Natasha
  2136 | D:2      | Killed Natasha
  2464 | D:2      | Reached XP level 5. HP: 42/42 MP: 8/8
  2597 | D:2      | Noticed Natasha
  2610 | D:2      | Killed Natasha
  3259 | D:3      | Found a shattered altar of Ashenzari.
  3273 | D:3      | Reached skill level 6 in Stealth
  3292 | D:3      | Noticed Ijyb
  3333 | D:3      | Noticed Renzlar's ghost (amateur FoFi)
  3345 | D:2      | Killed Ijyb
  3630 | D:3      | Reached XP level 6. HP: 27/49 MP: 9/9
  3955 | D:3      | Found a shimmering altar of Xom.
  4000 | D:3      | Found a white marble altar of Elyvilon.
  4193 | D:3      | Killed Renzlar's ghost
  4193 | D:3      | Reached skill level 5 in Hexes
  4444 | D:3      | Noticed Sigmund
  4517 | D:3      | Killed Sigmund
  4517 | D:3      | Reached skill level 7 in Stealth
  4517 | D:3      | Reached XP level 7. HP: 55/55 MP: 10/10
  4750 | D:3      | Learned a level 3 spell: Tukima's Dance
  4942 | D:4      | Found Epeateux's Weapon Shoppe.
  5767 | D:4      | Found an ancient bone altar of Kikubaaqudgha.
  5771 | D:4      | Became a worshipper of Kikubaaqudgha
  6100 | D:5      | Entered Level 5 of the Dungeon
  6100 | D:5      | Noticed Duvessa
  6101 | D:5      | Noticed Dowan
  6519 | D:5      | Killed Duvessa
  6519 | D:5      | Reached skill level 5 in Short Blades
  6520 | D:5      | Killed Dowan
  6579 | D:5      | You fall through a shaft for 3 floors!
  6781 | D:7      | Reached XP level 8. HP: 61/62 MP: 11/11
  6856 | D:7      | Reached skill level 1 in Fighting
  7124 | D:7      | Reached * piety under Kikubaaqudgha
  7124 | D:7      | Received a gift from Kikubaaqudgha
  7127 | D:7      | Identified Kikubaaqudgha's Incunabulum of Sinister Rituals (Kikubaaqudgha gifted it to you on level 7 of the Dungeon)
  7222 | D:7      | Learned a level 1 spell: Animate Skeleton
  7461 | D:6      | Reached skill level 1 in Necromancy
  7510 | D:6      | Noticed a brown ugly thing
  7621 | D:7      | Learned a level 3 spell: Regeneration
  7738 | D:6      | Noticed Grinder
  7838 | D:6      | Reached skill level 1 in Charms
  7838 | D:6      | Reached XP level 9. HP: 66/78 MP: 6/13
  8095 | D:6      | Noticed a hill giant
  8205 | D:6      | Reached ** piety under Kikubaaqudgha
  8302 | D:7      | Found a shattered altar of Ashenzari.
  8429 | D:7      | Reached skill level 5 in Necromancy
  9034 | D:8      | Found a sacrificial altar of Ru.
  9184 | D:8      | Found a deep blue altar of Sif Muna.
  9184 | D:8      | Found a stormy altar of Qazlal.
  9266 | D:8      | Gained mutation: You tend to lose your temper in combat. [mutagenic meat]
  9267 | D:8      | Gained mutation: You are partially covered in thin metallic scales (AC +2). [mutagenic meat]
  9268 | D:8      | Lost mutation: You are partially covered in thin metallic scales (AC +2). [potion of cure mutation]
  9268 | D:8      | Lost mutation: You tend to lose your temper in combat. [potion of cure mutation]
  9307 | D:8      | Reached skill level 5 in Fighting
  9645 | D:8      | Found a burning altar of Makhleb.
  9728 | D:8      | Reached *** piety under Kikubaaqudgha
  9728 | D:8      | Received a gift from Kikubaaqudgha
  9728 | D:8      | Reached XP level 10. HP: 88/88 MP: 11/14
  9731 | D:8      | Identified Kikubaaqudgha's Grimoire of Dark Secrets (Kikubaaqudgha gifted it to you on level 8 of the Dungeon)
  9774 | D:8      | Found a glowing silver altar of Zin.
 10486 | D:6      | Noticed a purple ugly thing
 10926 | D:9      | Learned a level 2 spell: Sublimation of Blood
 11275 | D:9      | Upgraded the game from 0.18.1-1-g2f07953 to 0.18.1-2-ga659475
 11401 | D:9      | Got a crystal mace
 12070 | D:9      | Gained mutation: Your body sometimes deteriorates upon taking damage. [potion of mutation]
 12070 | D:9      | Gained mutation: Your body often deteriorates upon taking damage. [potion of mutation]
 12283 | D:9      | Found a staircase to the Orcish Mines.
 12417 | D:6      | Reached **** piety under Kikubaaqudgha
 12764 | D:5      | Reached skill level 8 in Stealth
 13010 | D:5      | Found a staircase to the Ecumenical Temple.
 13019 | Temple   | Entered the Ecumenical Temple
 13153 | D:6      | Killed a hill giant
 13153 | D:6      | Reached XP level 11. HP: 65/97 MP: 3/15
 13255 | D:6      | Killed Grinder
 13255 | D:6      | Reached skill level 9 in Stealth
 13442 | D:6      | Killed a brown ugly thing
 13532 | D:6      | Killed a brown ugly thing
 13532 | D:6      | Reached skill level 10 in Short Blades
 13836 | D:10     | Entered Level 10 of the Dungeon
 13836 | D:10     | Found a staircase to the Lair.
 13918 | D:10     | Noticed Joseph
 13919 | D:10     | Killed Joseph
 14188 | D:10     | Reached skill level 10 in Stealth
 14551 | D:10     | Learned a level 2 spell: Blink
 15038 | D:10     | Noticed a hill giant
 15048 | D:10     | Killed a hill giant
 15096 | Lair:1   | Entered Level 1 of the Lair of Beasts
 15383 | Lair:1   | Reached ***** piety under Kikubaaqudgha
 15463 | Lair:1   | Reached skill level 11 in Stealth
 15491 | Lair:1   | Identified a +1 rod of clouds (14/14) (You found it on level 1 of the Lair of Beasts)
 15579 | Lair:1   | Reached skill level 5 in Spellcasting
 15632 | Lair:1   | Reached skill level 1 in Evocations
 15822 | Lair:1   | Reached skill level 5 in Charms
 15957 | Lair:1   | Learned a level 3 spell: Mephitic Cloud
 16108 | Lair:2   | Reached skill level 1 in Conjurations
 16108 | Lair:2   | Reached XP level 12. HP: 109/109 MP: 19/19
 16127 | Lair:2   | Reached skill level 1 in Poison Magic
 16143 | Lair:2   | Reached skill level 1 in Translocations
 16143 | Lair:2   | Reached skill level 1 in Air Magic
 17394 | Lair:2   | Noticed a four-headed hydra
 17663 | Lair:3   | Reached skill level 5 in Poison Magic
 17977 | Lair:3   | Noticed Sonja
 17986 | Lair:3   | Cast into level 1 of the Abyss (Sonja)
 17986 | Abyss:1  | Found a corrupted altar of Lugonu.
 18076 | Abyss:1  | Found a corrupted altar of Lugonu.
 18087 | Abyss:1  | Noticed a wretched star
 18209 | Abyss:1  | Noticed a bone dragon
 18250 | Abyss:1  | Noticed a bone dragon
 18299 | Abyss:2  | Noticed a green death
 18357 | Abyss:3  | Noticed a lich
 18403 | Abyss:4  | Noticed a rakshasa
 18414 | Abyss:4  | HP: 2/109 [drowned by a water nymph (9)]
 18434 | Abyss:4  | Slain by a large abomination

Skill      XL: |  1  2  3  4  5  6  7  8  9 10 11 12 |
---------------+-------------------------------------+-----
Short Blades   | 2 3 4 5 9 10 | 10.0
Stealth        | 5 6 7 8 11 | 11.5
Ice Magic      | 1 |  1.0
Hexes          | 4 5 6 |  6.3
Fighting       | 4 5 7 |  7.2
Dodging        | 2 3 4 |  4.3
Necromancy     | 3 6 |  6.7
Spellcasting   | 3 5 |  5.0
Charms         | 1 4 5 |  5.0
Evocations     | 1 |  1.5
Conjurations   | 1 2 |  2.5
Poison Magic   | 5 |  5.9
Translocations | 4 |  4.0
Air Magic      | 2 |  2.3

Action                   |  1- 3 |  4- 6 |  7- 9 | 10-12 || total
-------------------------+-------+-------+-------+-------++-------
Melee: Dagger            |   149 |    35 |     1 |   387 ||   572
       Rapier            |       |   166 |   327 |   277 ||   770
       Short sword       |       |       |    42 |    44 ||    86
Throw: Stone             |     2 |       |    11 |    10 ||    23
       Throwing net      |       |       |     3 |       ||     3
 Cast: Ensorcelled Hiber |       |     6 |    52 |    67 ||   125
       Confuse           |       |     3 |    20 |    57 ||    80
       Corona            |       |       |     2 |       ||     2
       Tukima's Dance    |       |       |     1 |       ||     1
       Regeneration      |       |       |     4 |    21 ||    25
       Animate Skeleton  |       |       |       |    18 ||    18
       Mephitic Cloud    |       |       |       |     2 ||     2
       Blink             |       |       |       |     1 ||     1
 Abil: Spit Poison       |     6 |    16 |    34 |     8 ||    64
Evoke: Wand              |       |       |     6 |     6 ||    12
       Sack of spiders   |       |       |       |     9 ||     9
  Use: Scroll            |     4 |     3 |    11 |    11 ||    29
       Potion            |     2 |       |     8 |    12 ||    22
 Stab: Sleeping          |    11 |    19 |    40 |    63 ||   133
       Confused          |       |     2 |     4 |    24 ||    30
       Distracted        |       |       |     2 |     3 ||     5
  Eat: Pizza             |     1 |       |     1 |     4 ||     6
       Chunk             |       |    10 |    12 |    23 ||    45
       Beef jerky        |       |       |     3 |       ||     3
       Meat ration       |       |       |     1 |       ||     1
       Royal jelly       |       |       |     1 |       ||     1
       Bread ration      |       |       |       |     1 ||     1
Armor: Robe              |    22 |    85 |   126 |    29 ||   262
       Troll leather arm |       |       |       |    89 ||    89
       Skin              |       |       |       |     8 ||     8
Dodge: Dodged            |    60 |   140 |   178 |   250 ||   628
